 Dungeon Crawl Stone Soup version 0.27.1-33-g824d729ab1 (webtiles) character file.

Game seed: 4597456773723674017

1799 comborobin the Skirmisher (level 8, -3/108 HPs)
             Began as a Palentonga Gladiator on Dec 27, 2021.
             Slain by Maggie (4 damage)
             ... on level 7 of the Dungeon.
             The game lasted 00:05:12 (5759 turns).

comborobin the Skirmisher (Palentonga Gladiator)    Turns: 5759, Time: 00:05:12

Health: -3/108     AC: 24    Str: 18    XL:     8   Next: 83%
Magic:  8/8        EV:  1    Int:  8    God:
Gold:   275        SH:  0    Dex: 14    Spells: 7/7 levels left

rFire    . . .     SeeInvis +   u - +2 glaive (vorpal)
rCold    . . .     Faith    .   (shield currently unavailable)
rNeg     + + +     Spirit   .   (armour currently unavailable)
rPois    +         Reflect  .   (helmet currently unavailable)
rElec    .         Harm     .   (cloak currently unavailable)
rCorr    .         Rampage  .   (gloves currently unavailable)
Will     +....     NoTele   +   (no barding)
Stlth    +.........             (no amulet)
HPRegen  0.28/turn              q - ring of poison resistance
MPRegen  0.11/turn              A - ring of willpower

@: mighty, lethally poisoned (-3 -> -12), tree-form (expiring), mesmerised
A: stationary, stasis, torment immunity, boosted hp, large, rugged brown scales
3, see invisible, (deformed body), (roll 1), (armoured tail), (reflexive curl)
a: no special abilities


You were on level 7 of the Dungeon.
You were a tree.
You visited 1 branch of the dungeon, and saw 7 of its levels.

You collected 275 gold pieces.

Inventory:

Hand Weapons
 a - a +2 war axe
 g - a +0 halberd
 u - a +2 vorpal glaive (weapon)
 v - a +0 halberd of venom
Missiles
 d - 3 throwing nets (quivered)
 s - 5 boomerangs of dispersal
Armour
 b - a +0 leather armour (melded)
 c - a +0 helmet (melded)
Jewellery
 q - a ring of poison resistance (left branch)
 A - a ring of willpower (right branch)
Wands
 m - a wand of acid (10)
 o - a wand of flame (7)
 y - a wand of polymorph (10)
Scrolls
 e - 7 scrolls of blinking {unknown}
 f - a scroll of brand weapon
 i - a scroll of noise {unknown}
 j - a scroll of fog
 k - 2 scrolls of immolation
 l - 5 scrolls of teleportation
 n - a scroll of magic mapping
 r - a scroll of enchant armour {unknown}
 w - a scroll of amnesia {unknown}
Potions
 p - a potion of attraction {unknown}
 x - a potion of cancellation {unknown}
 z - a potion of might


   Skills:
 + Level 7.7 Fighting
 - Level 4.8(5.9) Axes
 * Level 4.6(5.5) Polearms
 - Level 1.3 Throwing
 + Level 3.0 Armour
 + Level 4.0 Dodging


You had 7 spell levels left.
You didn't know any spells.
Your spell library contained the following spells:

 Spells                   Type           Power      Damage    Failure   Level
 Inner Flame              Hex/Fire       0%         N/A       78%         3
 Cause Fear               Hex            0%         N/A       99%         4
 Discord                  Hex            0%         N/A       100%        8


Dungeon Overview and Level Annotations

Branches:
Dungeon (7/15)
 Temple: D:4-7

Altars:
Elyvilon
Gozag
Uskayaw
Yredelemnul

Annotations:
D:5 3 runed translucent doors, lordive's ghost, novice GrEE
D:7 Maggie


Innate Abilities, Weirdness & Mutations

You are a tree.
Your roots penetrate the ground, keeping you stationary.
You cannot be teleported.
You are immune to unholy pain and torment.
Your maximum health is greatly increased.
Your equipment is partially melded.
(You are completely covered in rugged brown scales. (AC +3, +7% HP))
You have supernaturally acute eyesight. (SInv)
((Armour fits poorly on your strangely shaped body.))
((You can roll at nearby foes to attack.))
((You have a long armoured tail.))
((You curl defensively after being hit.))


Message History

You barely miss the water moccasin.
The water moccasin is severely wounded.
You feel very sick.
The water moccasin completely misses you.
The orc hits you but does no damage. Maggie hits you but does no damage.
The water moccasin bites you.
* * * LOW HITPOINT WARNING * * *
The orc hits you but does no damage. Maggie hits you but does no damage.
You slice the water moccasin!!
You kill the water moccasin!
You feel very sick.
The orc hits you with a +1 dagger of venom.
* * * LOW HITPOINT WARNING * * *
Maggie hits you but does no damage.
The sky beast hits you but does no damage.
Your Armour skill increases to level 3!
Your Dodging skill increases to level 4!
You barely miss the sky beast.
You feel sick. The orc hits you but does no damage.
Maggie hits you but does no damage.
The sky beast hits you but does no damage.
The orc hits you with a +1 dagger of venom.
* * * LOW HITPOINT WARNING * * *
Maggie hits you with a +0 long sword.
* * * LOW HITPOINT WARNING * * *
You slash Maggie!
Maggie is heavily wounded.
You feel sick.
The sky beast hits you but does no damage.
The orc hits you but does no damage.
You are lethally poisoned!
Maggie hits you with a +0 long sword.
* * * LOW HITPOINT WARNING * * *
The sky beast hits you but does no damage.
Unknown command.
You slash the sky beast!
The sky beast is heavily wounded.
* * * LOW HITPOINT WARNING * * *
You feel very sick. The orc hits you but does no damage.
Maggie hits you with a +0 long sword.
You die...

#.#..............#.#.#.#.#.
#.#.............#.#.#.#.#.#.
####+#.#.........(....#.#.#.#.#.#
#.)..................#.#.#.#.#.#.
#.....................#.#.#.#.#.#
#.......#............#.#.#.#.#.#.
#...>...'..........(.+#.#.#.#.#.#
#.......#......@Yo...#.#.#.#.#.#.
#.......##......♣####.#.#.#.#.#.#
#.......##.####### ##.#.#.#.#.#
#.......##.# #.#.#.#.#.#
#.......##.## ##.#@#.#.#
#####........ #.#.#.#.#.#
#<'........ ##.#.#.#.#.#
###..(..... +#.#.#.#.#.#
#........ ..#.# #.#.#. #........
.@..# #.#.#


You could see Maggie (mesmerising), a sky beast and an orc.

Vanquished Creatures
  A centaur zombie (D:7)
  2 water moccasins
  A black bear (D:6)
  2 ogres (D:6)
  2 centaurs
  A phantom (D:2)
  Blork the orc (D:5)
  A scorpion (D:6)
  A wyvern skeleton (D:6)
  A howler monkey (D:5)
  2 bullfrog zombies
  A bullfrog skeleton (D:6)
  A hound (D:6)
  2 jellies
  An orc priest (D:4)
  An orc wizard (D:3)
  A hound skeleton (D:5)
  A howler monkey skeleton (D:6)
  9 adders
  11 gnolls
  An ufetubus (D:5)
  2 dart slugs
  8 orcs
  6 ball pythons
  2 bats
  4 endoplasms
  4 giant cockroaches
  2 goblins (D:2)
  8 hobgoblins
  2 quokkas
  A frilled lizard (D:3)
  9 kobolds
  A quokka skeleton (D:4)
  4 rats
  A spectral orc (D:3)
98 creatures vanquished.

Vanquished Creatures (others)
  5 plants (D:3)
5 creatures vanquished.

Grand Total: 103 creatures vanquished

Notes
Turn   | Place    | Note
-------+----------+-------------------------------------------
     0 | D:1      | comborobin the Palentonga Gladiator began the quest for the
                  | Orb.
     0 | D:1      | Reached XP level 1. HP: 17/17 MP: 1/1
   455 | D:1      | Found a faded altar of an unknown god.
   640 | D:2      | Noticed a phantom
   650 | D:2      | Killed a phantom
   651 | D:2      | Reached skill level 4 in Fighting
   651 | D:2      | Reached XP level 2. HP: 10/27 MP: 2/2
   651 | D:2      | Reached XP level 3. HP: 12/33 MP: 3/3
   651 | D:2      | Reached XP level 4. HP: 15/40 MP: 4/4
  1265 | D:2      | Reached skill level 5 in Fighting
  1951 | D:3      | Reached XP level 5. HP: 47/47 MP: 5/5
  2213 | D:3      | Found a basalt altar of Yredelemnul.
  2379 | D:3      | Found a white marble altar of Elyvilon.
  2383 | D:3      | Found an opulent altar of Gozag.
  2384 | D:3      | Found a hide-covered altar of Uskayaw.
  3315 | D:4      | Reached skill level 6 in Fighting
  3315 | D:4      | Reached XP level 6. HP: 33/55 MP: 6/6
  3813 | D:5      | Entered Level 5 of the Dungeon
  4133 | D:5      | Noticed Blork the orc
  4140 | D:5      | Killed Blork the orc
  4141 | D:5      | Gained mutation: You curl defensively after being hit.
                  | [Palentonga growth]
  4141 | D:5      | Reached XP level 7. HP: 25/63 MP: 7/7
  4352 | D:5      | Noticed lordive's ghost (novice GrEE)
  4354 | D:5      | Found a runed translucent gate.
  4354 | D:5      | Found a runed translucent gate.
  4354 | D:5      | Found a runed translucent gate.
  4355 | D:5      | Noticed a yak
  4689 | D:6      | Reached skill level 1 in Armour
  4774 | D:6      | Reached skill level 1 in Polearms
  4871 | D:6      | Reached skill level 7 in Fighting
  4910 | D:6      | Reached XP level 8. HP: 25/71 MP: 8/8
  5724 | D:7      | Noticed Maggie
  5758 | D:7      | HP: 4/108 [Maggie (3)]
  5759 | D:7      | HP: 1/108 [poisoned by an orc]
  5759 | D:7      | Slain by Maggie

Illustrated notes

Levels and vault maps discovered:
D:1:      scummos_arrival_star, layout_loops_ring,
          chequers_ecumenical_altar_twisty
D:2:      layout_loops_ring, minmay_crystal_water, kennysheep_path_1
D:3:      layout_basic, yredelemnul_forgotten_temple_becter,
          gammafunk_temple_overflow_forgotten, lexackson_kobold_supper
D:4:      layout_basic
D:5:      layout_basic, gammafunk_ghost_split, amcnicky_mini_corridor_feature,
          uniq_blork_the_orc
D:6:      layout_loops_ring
D:7:      layout_basic, temple_statues, uniq_crazy_yiuf_cottage, uniq_maggie

Skill      XL: |  1  2  3  4  5  6  7  8 |
---------------+-------------------------+-----
Fighting       | 4 5 6 7 |  7.7
Axes           | 4 |  4.8
Armour         | 1 3 |  3.0
Polearms       | 2 4 |  4.6
Dodging        | 3 4 |  4.0
Throwing       | |  1.3

Action                   |  1- 3 |  4- 6 |  7- 9 || total
-------------------------+-------+-------+-------++-------
Melee: War axe           |    17 |   134 |       ||   151
       Tailslap          |       |    13 |    14 ||    27
       Halberd           |       |       |    80 ||    80
       Glaive            |       |       |    20 ||    20
Evoke: Wand              |       |     3 |       ||     3
  Use: Scroll            |     1 |     1 |     6 ||     8
       Potion            |     1 |     1 |    11 ||    13
 Stab: Sleeping          |       |     1 |       ||     1
Armor: Leather armour    |     2 |    54 |    30 ||    86
       Skin              |       |     1 |   104 ||   105
Dodge: Dodged            |    10 |    77 |    54 ||   141
